 Dungeon Crawl Stone Soup version 0.31-a0-940-gdaa99269f9 (webtiles) character file.

Game seed: 17371531783466593447

535 kae the Cleaver (level 7, 0/57 HPs)
             Began as a Hill Orc Fighter on Oct 20, 2023.
             Was a Follower of Qazlal.
             Succumbed to a water moccasin's poison
             ... on level 5 of the Dungeon.
             The game lasted 00:02:46 (4278 turns).

kae the Cleaver (Hill Orc Fighter)                  Turns: 4278, Time: 00:02:46

Health: 0/57       AC:  6    Str: 21    XL:     7   Next: 25%
Magic:  7/7        EV: 24    Int:  8    God:    Qazlal [*.....]
Gold:   239        SH:  6    Dex: 10    Spells: 6/6 levels left

rFire   . . .        a - +1 war axe
rCold   . . .        c - +0 buckler
rNeg    . . .        b - +0 scale mail
rPois   .            f - +0 hat
rElec   .            (no cloak)
rCorr   .            (no gloves)
SInv    .            (no boots)
Will    .....        A - amulet of the acrobat Stlth
                     (no ring)
HPRegen 0.29/turn    (no ring)
MPRegen 0.10/turn

%: acrobat
@: lethally poisoned (0 -> -1), acrobatic, invisible
A: no striking features
a: Renounce Religion


You were on level 5 of the Dungeon.
You worshipped Qazlal.
Qazlal was aware of your devotion.
You visited 2 branches of the dungeon, and saw 6 of its levels.

You collected 279 gold pieces.
You spent 40 gold pieces at shops.


   Skills:
 - Level 3.6 Fighting
 + Level 10.1 Axes
 - Level 3.2 Armour
 - Level 3.2 Shields


You had 6 spell levels left.
You didn't know any spells.
Your spell library contained the following spells:

 Spells                   Type           Power      Damage    Failure   Level
 Apportation              Tloc           0%         N/A       82%         1
 Necrotise                Necr           0%         1d4       82%         1
 Summon Small Mammal      Summ           0%         N/A       82%         1
 Hailstorm                Conj/Ice       0%         3d3       99%         3
 Summon Ice Beast         Ice/Summ       0%         N/A       100%        4
 Simulacrum               Ice/Necr       0%         N/A       100%        6

Inventory:

Hand Weapons
 a - a +1 war axe (weapon)
 n - a -2 executioner's axe {rare}
   (You bought it in a shop on level 5 of the Dungeon)
Missiles
 e - 64 stones
 g - 3 boomerangs
 m - 6 poisoned darts
 p - 2 throwing nets {=f!f}
Armour
 b - a +0 scale mail (worn)
 c - a +0 buckler (worn)
 f - a +0 hat (worn)
   (You found it on level 1 of the Dungeon)
Jewellery
 A - an amulet of the acrobat (around neck)
   (You found it on level 2 of the Dungeon)
Scrolls
 l - a scroll of teleportation {@r4}
 o - a scroll of fog
Potions
 d - a potion of might
 h - a potion of berserk rage {!q}
 i - a potion of haste {@q3}
 j - a potion of attraction {!q}

Dungeon Overview and Level Annotations

Branches:
Dungeon (5/15) Zot: 25708  Temple (1/1) D:4 Zot: 5955

Altars:
Ashenzari
Cheibriados
Dithmenos
Fedhas
Gozag
Hepliaklqana
Kikubaaqudgha
Makhleb
Okawaru
Qazlal
Ru
Sif Muna
Trog
Uskayaw
Vehumet
Wu Jian
Xom
Yredelemnul

Shops:
D:1 [[   D:4 *   D:5 *

Annotations:
D:3 1 runed translucent door, Dirtsage's ghost, amateur DsFi
D:4 3 runed translucent doors, Shym's ghost, amateur DEHs

#.### #)..## ##..
#.#..## ##... #.....##
##....
#..##..##########.....
###.####.)..............
.......)[...............
.##.#.#<.......##......>
.
#.>...@)...............
....####..##............
.## #.○#.....#...####
#g...#####.### ##g####
##.# #..# ##..# #.†g.#
#..#######
...g##.#......## #....
#...# ....#########.###


You could see 2 gnolls.


Message History

You take 7 damage, and now have 43/51 hp.
You slash the gnoll! You block the gnoll's attack.
You slice the gnoll!!
You kill the gnoll!
Qazlal accepts your kill.
No target in view!
No target in view!
No target in view!
Things that are here:
a +0 spear; a gnoll corpse; 😕 HP[+1] No target in view!
No target in view!
o - a scroll of fog 😎 HP[+7]
Your hp is fully restored (51).
p - a throwing net {=f!f}
p - 2 throwing nets {=f!f} (gained 1)
A water moccasin and 2 gnolls come into view.
The gnoll shouts!
The water moccasin moves out of view.
The gnoll moves out of view.
A gnoll is nearby!
A gnoll is nearby!
A gnoll is nearby!
A gnoll comes into view. It is wielding a +0 spear.
The gnoll shouts!
You block the gnoll's attack.
You miss the water moccasin. The gnoll barely misses you.
The water moccasin bites you.
You slash the water moccasin! You block the water moccasin's attack.
The gnoll closely misses you. x2; You block the water moccasin's attack. 😕 HP[-5]
You take 5 damage, and now have 46/51 hp.
There are monsters nearby!
You miss the water moccasin.
The gnoll hits you but does no damage. x2
You block the water moccasin's attack.
You barely miss the water moccasin. The water moccasin bites you.
The gnoll barely misses you. The gnoll closely misses you. 😕 HP[-5]
You take 5 damage, and now have 41/51 hp.
You hit the water moccasin but do no damage.
The water moccasin bites you.
You are poisoned.
The water moccasin poisons you!
The gnoll hits you from afar with a +0 spear.
The gnoll barely misses you. The water moccasin bites you.
You are too injured to fight recklessly! 😮 HP[-13]
You take 13 damage, and now have 28/51 hp.
MASSIVE DAMAGE!! (PAUSE)
You closely miss the water moccasin.
You feel very sick. The gnoll hits you but does no damage.
You block the water moccasin's attack. You block the gnoll's attack. 😨 HP[-5]
You take 5 damage, and now have 23/51 hp.
Unknown command.
You miss the water moccasin.
You feel very sick.
The water moccasin bites you but does no damage.
The gnoll closely misses you. You block the gnoll's attack.
The water moccasin bites you but does no damage. 😨 HP[-2]
You take 2 damage, and now have 21/51 hp.
Unknown command.
You slash the water moccasin!
You kill the water moccasin!
Qazlal accepts your kill.
You feel sick. The gnoll barely misses you.
The gnoll hits you from afar with a +0 halberd!
* * * LOW HITPOINT WARNING * * *
Your Axes skill increases to level 10!
You have reached level 7! 😱 HP[-14] MP[+1]
You now have 57 max hp (+6).
You take 14 damage, and now have 7/57 hp.
MASSIVE DAMAGE!! (PAUSE)
Your mp is fully restored (7).
It was a potion of invisibility.
You fade into invisibility!
* * * LOW HITPOINT WARNING * * *
You feel sick. You block the gnoll's attack.
The gnoll closely misses you. 😱 HP[-2]
You take 2 damage, and now have 5/57 hp.
Unknown command.
* * * LOW HITPOINT WARNING * * *
You feel sick. 😱 HP[-1]
You take 1 damage, and now have 4/57 hp.
* * * LOW HITPOINT WARNING * * *
You feel sick. 😱 HP[-2]
You take 2 damage, and now have 2/57 hp.
* * * LOW HITPOINT WARNING * * *
You feel sick.
Okay, then.
* * * LOW HITPOINT WARNING * * *
You feel sick. 😱 HP[-1]
You take 1 damage, and now have 1/57 hp.
You die...

Skill      XL: |  1  2  3  4  5  6 |
---------------+-------------------+-----
Axes           | 3 4 5 6 8 10 | 10.1
Fighting       | |  3.6
Armour         | |  3.2
Shields        | |  3.2

Action                     |  1- 3 |  4- 6 |  7- 9 || total
---------------------------+-------+-------+-------++-------
  Melee: War axe           |    90 |   183 |       ||   273
    Use: Scroll            |     2 |     8 |       ||    10
         Potion            |       |     1 |     1 ||     2
 Armour: Scale mail        |    41 |   114 |       ||   155
  Dodge: Dodged            |    32 |    92 |     1 ||   125
  Block: Buckler           |    31 |    47 |     1 ||    79

Levels and vault maps discovered:
D:1:      elethiomel_arrival_diamonds, layout_basic, serial_shops,
          nicolae_shop_temple_entry_statues_fountains, shop,
          hellmonk_ecumenical_altar_pennies_from_heaven, palyth_stone_intersect,
          columned_hall_lemuel
D:2:      layout_loops_ring
D:3:      minmay_general_purpose_star, layout_loops_cross,
          ebering_ghost_reflecting_pool, minmay_crystal_water,
          nicolae_grassy_gnolls
D:4:      kennysheep_kobold_camp, layout_basic, nicolae_wu_jian_wuxing_cycle,
          kennysheep_little_box, minmay_temple_entry_sparse_star,
          gammafunk_ghost_split, nicolae_shop_clearance
D:5:      kennysheep_big_flooded_room, layout_rooms,
          mainiacjoe_overflow_surrounded_room, chequers_serial_rivers_micro_d,
          minmay_shop_damaged, uniq_prince_ribbit1
Temple:   nicolae_temple_elliptical

Notes
Turn   | Place    | Note
-------+----------+-------------------------------------------
     0 | D:1      | kae the Hill Orc Fighter began the quest for the Orb.
     0 | D:1      | Reached XP level 1. HP: 19/19 MP: 1/1
     0 | D:1      | magus.rc [v1.11.3]
    39 | D:1      | Reached skill level 3 in Axes
    85 | D:1      | Reached XP level 2. HP: 25/26 MP: 2/2
   105 | D:1      | Found a faded altar of an unknown god.
   182 | D:1      | Found Tyzapsutz's Armour Emporium.
   198 | D:1      | Found Dystrargha's Antique Armour Shop.
   205 | D:1      | Reached skill level 4 in Axes
   437 | D:1      | Reached XP level 3. HP: 25/31 MP: 3/3
   445 | D:1      | You pick up a book of the Tundra and begin reading...
   445 | D:1      | You add the spells Hailstorm, Summon Ice Beast and
                  | Simulacrum to your library.
  1037 | D:2      | Reached skill level 5 in Axes
  1256 | D:2      | Reached XP level 4. HP: 32/39 MP: 4/4
  1913 | D:3      | You pick up a book of Cantrips and begin reading...
  1913 | D:3      | You add the spells Necrotise, Summon Small Mammal and
                  | Apportation to your library.
  1972 | D:3      | Found a runed translucent door.
  1975 | D:3      | Noticed Dirtsage's ghost (amateur DsFi)
  2087 | D:3      | Reached skill level 6 in Axes
  2135 | D:3      | HP: 7/39 [gnoll/+0 halberd (6)]
  2135 | D:3      | HP: 3/39 [gnoll/+0 whip (4)]
  2140 | D:3      | Reached XP level 5. HP: 23/45 MP: 5/5
  2803 | D:4      | Found a staircase to the Ecumenical Temple.
  2818 | Temple   | Entered the Ecumenical Temple
  2850 | Temple   | Became a worshipper of Qazlal Stormbringer
  2889 | D:4      | Found an ornate altar of the Wu Jian Council.
  2898 | D:4      | Reached skill level 7 in Axes
  2914 | D:4      | Found Mustreku's CLEARANCE SALE!.
  2922 | D:4      | Bought a potion of haste for 30 gold pieces
  2922 | D:4      | Bought a scroll of teleportation for 9 gold pieces
  2973 | D:4      | Noticed Shym's ghost (amateur DEHs)
  2975 | D:4      | Found a runed translucent gate.
  2975 | D:4      | Found a runed translucent gate.
  2975 | D:4      | Found a runed translucent gate.
  3052 | D:4      | Found an iron altar of Okawaru.
  3197 | D:4      | Noticed a kobold brigand
  3210 | D:4      | Killed a kobold brigand
  3214 | D:4      | Reached skill level 8 in Axes
  3215 | D:4      | Reached XP level 6. HP: 38/50 MP: 6/6
  3221 | D:4      | Reached * piety under Qazlal
  3919 | D:5      | Entered Level 5 of the Dungeon
  3933 | D:5      | Found Qeddir's Lightly-Used Armoury.
  3938 | D:5      | Reached skill level 9 in Axes
  3943 | D:5      | Bought a -2 executioner's axe for 1 gold piece
  3943 | D:5      | n - a -2 executioner's axe {rare}
  3992 | D:5      | HP: 10/51 [gnoll bouda/+0 whip (6)]
  4262 | D:5      | Noticed a water moccasin
  4272 | D:5      | Killed a water moccasin
  4272 | D:5      | HP: 6/51 [gnoll/+0 halberd (13)]
  4273 | D:5      | Reached skill level 10 in Axes
  4273 | D:5      | Reached XP level 7. HP: 7/57 MP: 7/7
  4275 | D:5      | HP: 2/57 [poisoned by a water moccasin]
  4278 | D:5      | Succumbed to a water moccasin's poison

Vanquished Creatures
  A water moccasin (D:5)
  A phantom (D:4)
  A kobold brigand (D:4)
  A gnoll bouda (D:5)
  An iguana (D:5)
  8 gnolls
  4 adders
  A dart slug (D:4)
  4 orcs
  4 bats
  9 endoplasms
  3 giant cockroaches
  11 goblins
  7 hobgoblins
  4 jackals (D:4)
  30 kobolds
  3 quokkas
  10 ball pythons
  5 frilled lizards
  8 rats
116 creatures vanquished.

Table legend:
 A = Non-vault XP
 B = Vault XP
 C = Vault XP percentage of total XP
 D = Non-vault monster count
 E = Vault monster count
 F = Vault count percentage of total count
                 A         B        C        D         E       F
            +---------+---------+-------+---------+---------+-------
      Total |     574 |     191 |  25.0 |      82 |      34 |  29.3
            +---------+---------+-------+---------+---------+-------
        D:1 |      39 |      10 |  20.4 |      23 |       7 |  23.3
        D:2 |      46 |       0 |   0.0 |      15 |       0 |   0.0
        D:3 |      30 |      51 |  63.0 |      11 |       6 |  35.3
        D:4 |     177 |     130 |  42.3 |      26 |      21 |  44.7
        D:5 |     282 |       0 |   0.0 |       7 |       0 |   0.0
            +---------+---------+-------+---------+---------+-------

Skill      XL: |  1  2  3  4  5  6 |
---------------+-------------------+-----
Axes           | 3 4 5 6 8 10 | 10.1
Fighting       | |  3.6
Armour         | |  3.2
Shields        | |  3.2

Action                     |  1- 3 |  4- 6 |  7- 9 || total
---------------------------+-------+-------+-------++-------
  Melee: War axe           |    90 |   183 |       ||   273
    Use: Scroll            |     2 |     8 |       ||    10
         Potion            |       |     1 |     1 ||     2
 Armour: Scale mail        |    41 |   114 |       ||   155
  Dodge: Dodged            |    32 |    92 |     1 ||   125
  Block: Buckler           |    31 |    47 |     1 ||    79

Illustrated notes

Table legend:
 A = Kills in this place as a percentage of kills in the entire game.
 B = Kills by you in this place as a percentage of kills by you in the entire game.
 C = Kills by friends in this place as a percentage of kills by friends in the entire game.
 D = Other kills in this place as a percentage of other kills in the entire game.
 E = Experience gained in this place as a percentage of experience gained in the entire game.
 F = Experience gained in this place divided by the number of levels of this place that you have seen.
                   A       B       C       D       E      F
               +-------+-------+-------+-------+-------+----------------------
         Total | 100.0 | 100.0 |   N/A |   N/A | 100.0 | 127.5
       Dungeon | 100.0 | 100.0 |   N/A |   N/A | 100.0 | 153.0
               +-------+-------+-------+-------+-------+----------------------

Table legend: (Time is in decaauts)
 A = Elapsed time spent in this place.
 B = Non-inter-level travel time spent in this place.
 C = Inter-level travel time spent in this place.
 D = Time resting spent in this place.
 E = Time spent auto-exploring this place.
 F = Levels seen in this place.
 G = Mean time per level.
                   A        B        C        D        E       F      G
               +--------+--------+--------+--------+--------+-----+--------+
         Total |   4336 |   4135 |    201 |    378 |   3099 |   6 |  722.7 |
       Dungeon |   4292 |   4114 |    178 |    378 |   3079 |   5 |  858.4 |
        Temple |     44 |     21 |     23 |      0 |     20 |   1 |   44.0 |
               +--------+--------+--------+--------+--------+-----+--------+

Top non-repeatable levels by time:
     D:4: 1380 daAuts
     D:1: 1013 daAuts
     D:3: 941 daAuts
     D:2: 802 daAuts
     D:5: 155 daAuts
  Temple: 44 daAuts
